 Dungeon Crawl Stone Soup version 0.26.1-10-gdfb7c7de75 (webtiles) character file.

Game seed: 11822980636191382335

11 Almogavar the Gusty (level 2, -4/29 HPs)
             Began as a Gnoll Wanderer on Apr 1, 2021.
             Slain by a leopard gecko (5 damage)
             ... on level 1 of the Dungeon.
             The game lasted 00:01:31 (927 turns).

Almogavar the Gusty (Gnoll Wanderer)                 Turns: 927, Time: 00:01:32

Health: -4/29      AC:  2    Str: 12    XL:     2   Next: 25%
Magic:  5/5        EV: 11    Int: 15    God:
Gold:   33         SH:  0    Dex: 15    Spells: 6/6 levels left

rFire    . . .     SeeInvis .   a - +0 dagger
rCold    . . .     Faith    .   (no shield)
rNeg     . . .     Spirit   .   e - +0 robe
rPois    .         Reflect  .   (no helmet)
rElec    .         Harm     .   (no cloak)
rCorr    .         Rampage  .   (no gloves)
Will     .....                  (no boots)
Stlth    +.........             (no amulet)
HPRegen  0.09/turn              (no ring)
MPRegen  0.09/turn              (no ring)

@: no status effects
A: distributed training, fangs 1, strong nose
a: no special abilities


You were on level 1 of the Dungeon.
You visited 1 branch of the dungeon, and saw 1 of its levels.

You collected 33 gold pieces.

Inventory:

Hand Weapons
 a - a +0 dagger (weapon)
Missiles
 b - 4 boomerangs (quivered)
 c - 9 poisoned darts
Armour
 e - a +0 robe (worn)
Scrolls
 f - a scroll of random uselessness {unknown}
 g - a scroll of noise {unknown}
 h - a scroll of fear {unknown}
 i - 3 scrolls of remove curse {unknown}
Potions
 d - a potion of curing {unknown}


   Skills:
 + Level 6.4 Fighting
 + Level 0.3 Short Blades
 + Level 0.3 Long Blades
 + Level 0.3 Axes
 + Level 0.3 Maces & Flails
 + Level 0.3 Polearms
 + Level 0.3 Staves
 + Level 0.3 Slings
 + Level 0.3 Bows
 + Level 0.3 Crossbows
 + Level 2.4 Throwing
 + Level 0.3 Armour
 + Level 0.3 Dodging
 + Level 0.3 Stealth
 + Level 2.4 Shields
 + Level 0.3 Unarmed Combat
 + Level 2.7 Spellcasting
 + Level 0.2 Conjurations
 + Level 0.2 Hexes
 + Level 0.2 Summonings
 + Level 0.2 Necromancy
 + Level 0.2 Translocations
 + Level 0.2 Transmutations
 + Level 0.2 Fire Magic
 + Level 0.2 Ice Magic
 + Level 7.0 Air Magic
 + Level 0.2 Earth Magic
 + Level 0.2 Poison Magic
 + Level 0.4 Invocations
 + Level 0.3 Evocations


You had 6 spell levels left.
You didn't know any spells.
Your spell library contained the following spells:

 Spells                   Type           Power        Failure   Level
 Swiftness                Air            23%          1%          2
 Shock                    Conj/Air       48%          4%          1
 Airstrike                Air            11%          11%         4
 Static Discharge         Conj/Air       12%          14%         3
 Beastly Appendage        Tmut           4%           19%         1
 Ignite Poison            Fire/Tmut/Pois 2%           50%         3
 Lightning Bolt           Conj/Air       6%           78%         5


Dungeon Overview and Level Annotations

Branches:
Dungeon (1/15)

Altars:


Innate Abilities, Weirdness & Mutations

Your experience applies equally to all skills.
You have very sharp teeth.
Your uncanny sense of smell can sniff out nearby items.


Message History

You hit the rat.
You kill the rat!
The leopard gecko closely misses you.
You hit the leopard gecko but do no damage.
The leopard gecko bites you.
* * * LOW HITPOINT WARNING * * *
The leopard gecko bites you.
* * * LOW HITPOINT WARNING * * *
You hit the leopard gecko.
You bite the leopard gecko, but do no damage.
The leopard gecko is severely wounded.
The leopard gecko bites you.
* * * LOW HITPOINT WARNING * * *
You barely miss the leopard gecko.
The leopard gecko is severely wounded.
The leopard gecko barely misses you.
You barely miss the leopard gecko. Your bite misses the leopard gecko.
The leopard gecko is severely wounded.
The leopard gecko bites you.
You die...

...............#.....
..................#.....
..................######
.$...#####..#######
.....#(?[#....######
.....#(|$#..........
.....#$)!#....######
.....#####....#
#...†@....###
#...l.....# ###########


You could see a leopard gecko.

Vanquished Creatures
  A dart slug (D:1)
  3 bats (D:1)
  A hobgoblin (D:1)
  A frilled lizard (D:1)
  2 goblins (D:1)
  A rat (D:1)
9 creatures vanquished.

Notes
Turn   | Place    | Note
-------+----------+-------------------------------------------
     0 | D:1      | Almogavar the Gnoll Wanderer began the quest for the Orb.
     0 | D:1      | Almogavar set off with the following items: a +0 dagger, 9
                  | poisoned darts, a +0 robe; and the following spells
                  | available to memorise: Swiftness, Shock, Airstrike, Static
                  | Discharge, Beastly Appendage, Ignite Poison, Lightning Bolt
     0 | D:1      | Reached XP level 1. HP: 23/23 MP: 4/4
   495 | D:1      | Reached XP level 2. HP: 15/29 MP: 5/5
   925 | D:1      | HP: 1/29 [leopard gecko (3)]
   927 | D:1      | Slain by a leopard gecko

Illustrated notes

Levels and vault maps discovered:
D:1:      scummos_arrival_gate, layout_basic, st_stairs_12, due_unseen_surprise

Action                   || total
-------------------------++-------
Melee: Dagger            ||    68
       Bite              ||    10
Throw: Boomerang         ||     2
Armor: Robe              ||    18
Dodge: Dodged            ||    56
